 Dungeon Crawl Stone Soup version 0.21-a0-153-g78480df (webtiles) character file.

1600 Ordine the Magician (level 8, -2/96 HPs)
             Began as a Deep Elf Wizard on Aug 2, 2017.
             Slain by ciphuk's ghost (3 damage)
             ... on level 7 of the Dungeon.
             The game lasted 00:21:49 (5731 turns).

Ordine the Magician (Deep Elf Wizard)               Turns: 5731, Time: 00:21:50

Health: -2/96      AC: 25    Str:  9    XL:     8   Next: 62%
Magic:  35/35      EV:  2    Int: 31    God:
Gold:   303        SH:  0    Dex: 13    Spells: 12/21 levels left

rFire    . . .     SeeInvis .   b - staff of power
rCold    . . .     Gourm    .   (no shield)
rNeg     + + +     Faith    .   (armour currently unavailable)
rPois    +         Spirit   .   (helmet currently unavailable)
rElec    .         Reflect  .   (cloak currently unavailable)
rCorr    .         Harm     .   (gloves currently unavailable)
MR       .....     NoTele   +   (boots currently unavailable)
Stlth    ..........             E - amulet of magic regeneration
HPRegen  0.26/turn              s - +1 ring of protection
MPRegen  0.49/turn              (no ring)

@: brilliant, berserking (expiring), tree-form (expiring), very quick
A: no striking features
a: no special abilities


You were on level 7 of the Dungeon.
You were hungry.
You were a tree.
You visited 2 branches of the dungeon, and saw 8 of its levels.

You collected 303 gold pieces.

Inventory:

Hand Weapons
 e - a +3 short sword of speed
Armour
 o - a +2 robe of magic resistance (melded)
 y - a +1 pair of boots (melded)
 G - a cursed +0 helmet (melded)
Magical Staves
 b - an uncursed staff of power (weapon)
Jewellery
 s - a +1 ring of protection (left branch)
 E - an amulet of magic regeneration (around neck)
Wands
 u - a wand of digging (13/24)
 D - a wand of polymorph (14/24)
 F - a wand of digging (16/24)
Scrolls
 a - 2 scrolls of amnesia
 r - 8 scrolls of remove curse
 t - 4 scrolls of teleportation
 z - a scroll of fear
 B - 2 scrolls of magic mapping
Potions
 f - 4 potions of flight
 g - a potion of agility
 i - 2 potions of mutation
 j - a potion of curing
 l - a potion of lignification
 q - 3 potions of brilliance
 v - 2 potions of magic
 x - 2 potions of ambrosia {unknown}
 A - a potion of degeneration {unknown}
 C - 2 potions of haste {unknown}
Books
 c - a book of Minor Magic

   Spells                             Type                      Level
   a - Magic Dart                     Conjuration                  1
   b - Blink                          Translocation                2
   c - Call Imp                       Summoning                    2
   d - Slow                           Hexes                        2
   e - Conjure Flame                  Conjuration/Fire             3
   f - Mephitic Cloud                 Conjuration/Poison/Air       3
Comestibles
 d - 5 bread rations
 h - 5 royal jellies
 k - 3 fruits
 m - 6 chunks of flesh
 n - 4 meat rations


   Skills:
 + Level 1.5 Fighting
 - Level 1.1 Short Blades
 * Level 1.8 Staves
 + Level 5.1 Dodging
 + Level 5.8 Stealth
 + Level 7.0 Spellcasting
 + Level 4.2 Conjurations
   Level 1.1 Summonings
 + Level 4.1 Translocations
 + Level 4.0 Fire Magic
 + Level 3.2 Air Magic


You had 12 spell levels left.
You knew the following spells:

 Your Spells              Type           Power        Failure   Level  Hunger
a - Magic Dart            Conj           ####         1%          1    None
b - Blink                 Tloc           N/A          1%          2    None
c - Conjure Flame         Conj/Fire      ######..     1%          3    None
d - Mephitic Cloud        Conj/Pois/Air  #####...     1%          3    None


Dungeon Overview and Level Annotations

Branches:
Dungeon (7/15)             Temple (1/1) D:7

Altars:
Elyvilon
Fedhas
Gozag
Hepliaklqana
Kikubaaqudgha
Makhleb
Nemelex Xobeh
Trog
Vehumet
Xom
Yredelemnul
Zin
The Shining One

Shops:
D:6 %(

Annotations:
D:7 ciphuk's ghost, novice KoHu


Message History

Ciphuk's ghost is severely damaged.
Ciphuk's ghost hits you.
* * * LOW HITPOINT WARNING * * *
You hit ciphuk's ghost but do no damage.
Ciphuk's ghost is severely damaged.
Ciphuk's ghost hits you but does no damage.
You closely miss ciphuk's ghost.
Ciphuk's ghost is severely damaged.
Ciphuk's ghost hits you but does no damage.
You are too berserk!
You hit ciphuk's ghost but do no damage.
Ciphuk's ghost is severely damaged.
Ciphuk's ghost hits you.
* * * LOW HITPOINT WARNING * * *
You hit ciphuk's ghost!
Ciphuk's ghost is almost destroyed.
You hit ciphuk's ghost.
Ciphuk's ghost is almost destroyed.
Ciphuk's ghost hits you.
You die...

#.......≈≈§.....#.
#.....#.........#.
#
#.....#.........#.
#.
#..>..#.........'.
#...
#.....#.........#.
#....
###..####.####.###
#....####..######
#.#
#.............#
...
.......♣......# .
....
.......W......# ..
.. ..............#
..............#
..............#
#..##..####..##
#.. #.. #### ..
.... .....


You could see ciphuk's ghost.

Vanquished Creatures
  Sigmund (D:2)
  Duvessa (D:5)
  2 ogres
  A sky beast (D:7)
  A black bear (D:6)
  A phantom (D:6)
  A bullfrog (D:7)
  Dowan (D:5)
  A scorpion (D:5)
  A howler monkey (D:7)
  4 crimson imps (D:4)
  2 hounds
  3 jellies
  2 bullfrog skeletons
  2 orc priests (D:6)
  Jessica (D:2)
  2 worker ants (D:4)
  A killer bee zombie (D:6)
  9 adders
  An ooze (D:3)
  2 adder zombies (D:6)
  An adder skeleton (D:5)
  4 worms
  5 dart slugs
  3 leopard geckos
  6 orcs
  4 bats
  A bat zombie (D:5)
  A giant cockroach (D:2)
  4 goblins
  7 hobgoblins
  8 jackals
  7 kobolds
  2 quokkas
  A ball python (D:4)
  6 frilled lizards
  A giant cockroach zombie (D:6)
  8 rats
  A rat zombie (D:5)
110 creatures vanquished.

Notes
Turn   | Place    | Note
-------+----------+-------------------------------------------
     0 | D:1      | Ordine the Deep Elf Wizard began the quest for the Orb.
     0 | D:1      | Reached XP level 1. HP: 10/10 MP: 7/7
   252 | D:1      | Reached XP level 2. HP: 15/15 MP: 5/9
   257 | D:1      | Learned a level 2 spell: Blink
   612 | D:2      | Reached XP level 3. HP: 19/19 MP: 3/11
   676 | D:2      | Learned a level 3 spell: Conjure Flame
   680 | D:2      | Learned a level 3 spell: Mephitic Cloud
  1045 | D:2      | Reached skill level 5 in Spellcasting
  1327 | D:2      | Noticed Sigmund
  1360 | D:2      | Killed Sigmund
  1360 | D:2      | Reached skill level 1 in Fire Magic
  1360 | D:2      | Reached skill level 1 in Air Magic
  1360 | D:2      | Reached XP level 4. HP: 19/24 MP: 0/13
  1360 | D:2      | Reached XP level 5. HP: 23/28 MP: 0/15
  1645 | D:2      | Noticed Jessica
  1652 | D:2      | Killed Jessica
  1921 | D:3      | Reached XP level 6. HP: 32/32 MP: 13/16
  2340 | D:3      | Found a bloodstained altar of Trog.
  2671 | D:4      | Found a basalt altar of Yredelemnul.
  3153 | D:4      | Found a shimmering altar of Xom.
  3297 | D:4      | Reached skill level 6 in Spellcasting
  3346 | D:5      | Entered Level 5 of the Dungeon
  3402 | D:5      | Reached XP level 7. HP: 36/36 MP: 18/18
  3422 | D:5      | Noticed Dowan
  3425 | D:5      | Noticed Duvessa
  3587 | D:5      | Killed Duvessa
  3593 | D:5      | Killed Dowan
  4111 | D:5      | Reached skill level 5 in Stealth
  4166 | D:5      | Found an ancient bone altar of Kikubaaqudgha.
  4705 | D:6      | Reached skill level 1 in Short Blades
  4705 | D:6      | Reached XP level 8. HP: 22/42 MP: 19/19
  4957 | D:6      | Reached skill level 1 in Fighting
  5065 | D:6      | Found Diulac's Antique Weapon Boutique.
  5149 | D:6      | Found Faagg's Food Emporium.
  5209 | D:6      | Reached skill level 1 in Staves
  5407 | D:7      | Found a staircase to the Ecumenical Temple.
  5416 | Temple   | Entered the Ecumenical Temple
  5643 | D:7      | Reached skill level 5 in Dodging
  5647 | D:7      | Reached skill level 7 in Spellcasting
  5695 | D:7      | Noticed ciphuk's ghost (novice KoHu)
  5729 | D:7      | HP: 1/96 [ciphuk's ghost (5)]
  5731 | D:7      | Slain by ciphuk's ghost

Vault maps used:
D:1:      dpeg_chamrin_arrival_tetris
D:2:      uniq_jessica, uniq_sigmund
D:3:      trog_three_pillars_becter
D:4:      kennysheep_little_box, led_xom_imps, first_bread, hex_tiny
D:5:      lemuel_zombie_altar_kikubaaqudgha, uniq_duvessa, uniq_ijyb
D:6:      serial_shops, shop, shop
D:7:      minmay_temple_entry_mist
Temple:   jpeg_temple_island

Skill      XL: |  1  2  3  4  5  6  7  8 |
---------------+-------------------------+-----
Stealth        | 3 4 5 |  5.8
Dodging        | 3 4 5 |  5.1
Spellcasting   | 5 6 7 |  7.0
Conjurations   | 2 3 4 |  4.2
Translocations | 2 3 4 |  4.1
Fire Magic     | 1 2 3 4 |  4.0
Air Magic      | 1 2 3 |  3.2
Short Blades   | 1 |  1.1
Fighting       | 1 |  1.5
Staves         | 1 |  1.8
Summonings     | |  1.1

Action                   |  1- 3 |  4- 6 |  7- 9 || total
-------------------------+-------+-------+-------++-------
Melee: Short sword       |    15 |       |       ||    15
       Staff             |       |       |     9 ||     9
 Cast: Magic Dart        |   109 |   120 |   203 ||   432
       Mephitic Cloud    |     1 |     1 |    11 ||    13
       Conjure Flame     |       |       |     9 ||     9
       Blink             |       |       |     6 ||     6
  Use: Scroll            |     7 |     5 |     2 ||    14
       Potion            |       |       |     5 ||     5
 Stab: Confused          |     1 |       |       ||     1
  Eat: Chunk             |     1 |     6 |     6 ||    13
       Fruit             |       |       |     1 ||     1
Armor: Robe              |     1 |     4 |     5 ||    10
       Skin              |       |       |    16 ||    16
Dodge: Dodged            |    16 |     8 |    21 ||    45
